 Dungeon Crawl Stone Soup version 0.30-a0-241-g1121274140 (webtiles) character file.

Game seed: 2157150374728171931

221 chippings the Vexing (level 5, 0/30 HPs)
             Began as a Deep Elf Hexslinger on Oct 10, 2022.
             Was an Initiate of Fedhas.
             Shot with a bolt by a hobgoblin (3 damage)
             ... on level 4 of the Dungeon.
             The game lasted 00:11:23 (2099 turns).

chippings the Vexing (Deep Elf Hexslinger)          Turns: 2099, Time: 00:11:23

Health: 0/30       AC: 12    Str:  7    XL:     5   Next: 65%
Magic:  11/11      EV:  2    Int: 18    God:    Fedhas [......]
Gold:   32         SH:  0    Dex: 17    Spells: 3/10 levels left

rFire   + . .      SeeInvis .    q - +0 arbalest
rCold   . . .      Faith    .    (shield currently unavailable)
rNeg    . . .      Spirit   .    s - +3 chain mail of the Eternal Void {rF+}
rPois   .          Reflect  .    (no helmet)
rElec   .          Harm     .    (no cloak)
rCorr   .          Rampage  .    d - +0 pair of gloves
Will    .....                    (no boots)
Stlth   ..........               (no amulet)
HPRegen 0.25/turn                (no ring)
MPRegen 0.12/turn                (no ring)

@: no status effects
A: no striking features
a: Renounce Religion


You were on level 4 of the Dungeon.
You worshipped Fedhas.
Fedhas was noncommittal.
You visited 1 branch of the dungeon, and saw 4 of its levels.

You collected 260 gold pieces.
You spent 228 gold pieces at shops.

Inventory:

Hand Weapons
 a - a +1 sling
 q - a +0 arbalest (weapon)
Armour
 d - a +0 pair of gloves (worn)
 s - the +3 chain mail of the Eternal Void (worn) {rF+}
   (You bought it in a shop on level 4 of the Dungeon)

   rF:        It protects you from fire.
Jewellery
 c - a ring of protection from cold
Wands
 j - a wand of flame (8)
 r - a wand of quicksilver (5)
Scrolls
 b - a scroll of poison
 g - a scroll of vulnerability
 h - 5 scrolls of identify
 l - a scroll of immolation {unknown}
 n - a scroll of noise {unknown}
 o - a scroll of teleportation {unknown}
 p - a scroll of torment {unknown}
Potions
 e - a potion of heal wounds
 f - a potion of curing
 i - a potion of resistance {unknown}
 k - a potion of lignification {unknown}
 m - 2 potions of might {unknown}


   Skills:
 + Level 2.0 Fighting
 + Level 5.0 Ranged Weapons
 - Level 2.4 Dodging
 - Level 3.0 Spellcasting
 - Level 5.0 Hexes
 - Level 1.1 Translocations
 - Level 2.0 Fire Magic
 + Level 0.1 Invocations


You had 3 spell levels left.
You knew the following spells:

 Your Spells              Type           Power      Damage    Failure   Level
a - Slow                  Hex            80%        N/A       100%        1
b - Inner Flame           Hex/Fire       15%        N/A       100%        3
c - Portal Projectile     Hex/Tloc       26%        N/A       100%        3

Your spell library contained the following spells:

 Spells                   Type           Power      Damage    Failure   Level
 Apportation              Tloc           12%        N/A       100%        1
 Necrotise                Necr           8%         1d4       100%        1
 Summon Small Mammal      Summ           8%         N/A       100%        1
 Summon Guardian Golem    Hex/Summ       11%        N/A       100%        3
 Cause Fear               Hex            10%        N/A       100%        4
 Orb of Destruction       Conj           1%         9d5       100%        7
 Spellforged Servitor     Conj/Summ      1%         N/A       100%        7


Dungeon Overview and Level Annotations

Branches:
Dungeon (4/15)
 Temple: D:4-7

Altars:
Fedhas
Xom
Yredelemnul

Shops:
D:4 [

Annotations:
D:2 Sigmund


Message History

An endoplasm comes into view.
The endoplasm quivers.
You shoot a bolt.
The bolt hits the endoplasm but does no damage.
You shoot a bolt. The bolt hits the endoplasm!
You kill the endoplasm!
Fedhas accepts your kill.
Your Ranged Weapons skill increases to level 5!
A hobgoblin comes into view.
The hobgoblin shouts!
You shoot a bolt. The bolt closely misses the hobgoblin.
You shoot a bolt. The bolt hits the hobgoblin.
The hobgoblin is lightly wounded.
The hobgoblin hits you but does no damage. x2
You shoot a bolt. The bolt hits the hobgoblin!
You kill the hobgoblin!
Fedhas appreciates your contribution to the ecosystem.
You see here a hobgoblin corpse.
There is an open door here.
There is a large open door here.
There is a large open door here.
There is an open door here.
You see here a hobgoblin corpse.
A hobgoblin comes into view. It is wielding a +0 arbalest.
You shoot a bolt. The hobgoblin shouts!
The bolt hits the hobgoblin but does no damage.
The hobgoblin shoots a bolt.
The bolt hits you but does no damage.
The hobgoblin shoots a bolt.
The bolt hits you!
The hobgoblin shoots a bolt.
The bolt hits you!
You are too injured to fight recklessly!
Fire: q) +0 arbalest
Press: ? - help, Q - select action, (/) - cycle Shift-Dir - straight line, f/p - hobgoblin
Aim: a hobgoblin, wielding a +0 arbalest and wearing a +0 robe (57% to hit)
You shoot a bolt. The bolt closely misses the hobgoblin.
The hobgoblin shoots a bolt.
The bolt hits you!
* * * LOW HITPOINT WARNING * * *
The hobgoblin shoots a bolt.
The bolt hits you.
You die...
Fedhas appreciates your contribution to the ecosystem.

.# .#### ....# ....#
....# ##########
####g...#.. ~~~~~~#..#
#.......'$# ~♣..♣~#..#
#..@....# ~.##.~#..#
#.......# ~.##.~#..#
#.......# ~♣..♣~#..#
#.......#
~~..~~#..#####.......#
##''###..#....[..!...#
#.#
##.....###...........#
#.#
##.....'.†...........#
#.#
####...##............#
#.#


You could see a hobgoblin.

Vanquished Creatures
  A jelly (D:4)
  An iguana (D:2)
  4 gnolls
  6 adders
  A worm (D:3)
  2 dart slugs
  6 orcs (D:3)
  5 endoplasms
  A giant cockroach (D:2)
  3 goblins
  7 hobgoblins
  2 quokkas (D:2)
  6 ball pythons
  7 bats
  4 frilled lizards
  8 kobolds
  5 rats
69 creatures vanquished.

Notes
Turn   | Place    | Note
-------+----------+-------------------------------------------
     0 | D:1      | chippings the Deep Elf Hexslinger began the quest for the
                  | Orb.
     0 | D:1      | Reached XP level 1. HP: 11/11 MP: 5/5
   145 | D:1      | Reached skill level 1 in Fighting
   165 | D:1      | Reached XP level 2. HP: 3/16 MP: 4/7
   341 | D:1      | Reached XP level 3. HP: 20/20 MP: 8/8
   596 | D:2      | Learned a level 3 spell: Inner Flame
   779 | D:2      | Found a faded altar of an unknown god.
   866 | D:2      | Reached XP level 4. HP: 20/25 MP: 3/9
   882 | D:2      | Learned a level 3 spell: Portal Projectile
   946 | D:2      | Noticed Sigmund
  1179 | D:3      | Reached skill level 1 in Fire Magic
  1423 | D:3      | Found a shimmering altar of Xom.
  1428 | D:3      | Found a basalt altar of Yredelemnul.
  1435 | D:3      | Found a blossoming altar of Fedhas.
  1439 | D:3      | Became a worshipper of Fedhas Madash
  1507 | D:4      | Reached skill level 5 in Hexes
  1507 | D:4      | Reached XP level 5. HP: 25/30 MP: 7/11
  1694 | D:4      | Found Fuklass's Antique Armour Boutique.
  1707 | D:4      | Bought a brightly glowing chain mail for 228 gold pieces
  1707 | D:4      | Identified the +3 chain mail of the Eternal Void {rF+} (You
                  | bought it in a shop on level 4 of the Dungeon)
  1755 | D:4      | Reached skill level 1 in Translocations
  2009 | D:4      | Reached skill level 5 in Ranged Weapons
  2099 | D:4      | Shot with a bolt by a hobgoblin

Illustrated notes

Levels and vault maps discovered:
D:1:      lightli_arrival_maybe_door_vault, layout_rooms, hex_large,
          minmay_tromino_v4_a
D:2:      layout_rooms, basic_altar, shapermc_ecumenical_altar_acropolis,
          minmay_hedge_maze, uniq_sigmund
D:3:      layout_rooms, grunt_temple_overflow_diamond, minmay_quantized
D:4:      layout_basic, serial_shops, nicolae_shop_trees,
          kennysheep_generic_room_15

Skill      XL: |  1  2  3  4  5 |
---------------+----------------+-----
Ranged Weapons | 3 4 5 |  5.0
Fighting       | 1 2 |  2.0
Spellcasting   | 2 3 |  3.0
Fire Magic     | 1 2 |  2.0
Hexes          | 5 |  5.0
Translocations | 1 |  1.1
Dodging        | |  2.4
Invocations    | |  0.1

Action                   |  1- 3 |  4- 6 || total
-------------------------+-------+-------++-------
 Fire: Sling             |   103 |   102 ||   205
       Arbalest          |       |    23 ||    23
 Cast: Slow              |    13 |     3 ||    16
       Inner Flame       |       |     2 ||     2
       Portal Projectile |       |     1 ||     1
  Use: Potion            |     3 |     1 ||     4
       Scroll            |       |     2 ||     2
Armor: Robe              |     9 |       ||     9
       Leather armour    |     8 |    19 ||    27
       Chain mail        |       |    21 ||    21
Dodge: Dodged            |    51 |    31 ||    82

Table legend: (Time is in decaauts)
 A = Elapsed time spent in this place.
 B = Non-inter-level travel time spent in this place.
 C = Inter-level travel time spent in this place.
 D = Time resting spent in this place.
 E = Time spent auto-exploring this place.
 F = Levels seen in this place.
 G = Mean time per level.
                   A        B        C        D        E       F      G
               +--------+--------+--------+--------+--------+-----+--------+
         Total |   2180 |   2160 |     20 |     16 |   1197 |   4 |  545.0 |
       Dungeon |   2180 |   2160 |     20 |     16 |   1197 |   4 |  545.0 |
               +--------+--------+--------+--------+--------+-----+--------+

Top non-repeatable levels by time:
     D:4: 651 daAuts
     D:1: 566 daAuts
     D:3: 541 daAuts
     D:2: 420 daAuts
